 Dungeon Crawl Stone Soup version 0.16-a0-3496-g6490362 (webtiles) character file.

398 Kemay the Transmogrifier (level 6, -1/44 HPs)
             Began as a Merfolk Transmuter on Jan 5, 2015.
             Slain by Herrn's ghost (15 damage)
             ... on level 3 of the Dungeon.
             The game lasted 00:10:45 (3512 turns).

Kemay the Transmogrifier (Merfolk Transmuter)       Turns: 3512, Time: 00:10:46

Health: -1/44      AC:  2    Str: 10    XL:     6   Next: 83%
Magic:  8/10       EV: 21    Int: 14    God:
Gold:   133        SH:  0    Dex: 20    Spells: 2 memorised, 5 levels left

rFire  + . .     SeeInvis .       - Unarmed
rCold  + . .     Clarity  +     c - melded +0 robe
rNeg   . . .     SustAb   .     (shield currently unavailable)
rPois  .         Gourm    .     (helmet currently unavailable)
rElec  +         Spirit   .     (cloak currently unavailable)
rCorr  +         Warding  .     (gloves currently unavailable)
rMut   .         Stasis   .     f - melded +2 pair of boots
MR     .....                    (no amulet)
Stlth  ++........               (no ring)
                                (no ring)

@: spider-form, resistant, not resistant to hostile enchantments, unstealthy
A: (change form in water), (swift swim), clarity, (fire resistance 0), no device
heal 1
a: End Transformation


You were on level 3 of the Dungeon.
You were not hungry.
You were a venomous arachnid creature.
You visited 1 branch of the dungeon, and saw 3 of its levels.

You collected 133 gold pieces.

Inventory:

Armour
 c - a +0 robe (melded)
 f - a +2 pair of boots (melded)
Magical devices
 e - a wand of digging (12)
 i - a wand of teleportation (8)
Scrolls
 j - a scroll of blinking
 k - a scroll of recharging
Potions
 g - 2 potions of curing
 l - 2 potions of heal wounds
Books
 d - a book of Changes

   Spells                             Type                      Level
   a - Beastly Appendage              Transmutation                1
   b - Sticks to Snakes               Transmutation                2
   c - Spider Form                    Transmutation/Poison         3
   d - Ice Form                       Ice/Transmutation            4
   e - Blade Hands                    Transmutation                5
Comestibles
 a - 2 bread rations
 h - 2 beef jerkies


   Skills:
 + Level 2.2 Fighting
 - Level 2.6 Dodging
 + Level 3.8 Unarmed Combat
 - Level 2.0 Spellcasting
 - Level 8.1 Transmutations
 - Level 2.0 Poison Magic


You had 5 spell levels left.
You knew the following spells:

 Your Spells              Type           Power        Failure   Level  Hunger
a - Beastly Appendage     Trmt           ###...       4%          1    ##.....
b - Spider Form           Trmt/Pois      ###.......   24%         3    ####...


Dungeon Overview and Level Annotations

Branches:
Dungeon (3/15)

Altars:
Qazlal

Annotations:
D:3 Herrn's ghost, average GrFi


Innate Abilities, Weirdness & Mutations

((You revert to your normal form in water.))
((You are very nimble and swift while swimming.))
You possess an exceptional clarity of mind.
((Your flesh is heat resistant.))
Potions and wands are less effective at restoring your health.


Message History

It was a potion of mutation.
You feel extremely strange.
Your system partially rejects artificial healing.
Your thoughts seem clearer.
You feel resistant to heat. Herrn's ghost misses you.
Drink which item? (? for menu, Esc to quit)
It was a potion of resistance.
You feel protected. Herrn's ghost closely misses you.
Drink which item? (? for menu, Esc to quit)
It was a potion of ambrosia.
You feel momentarily confused.
You feel briefly invigorated. Herrn's ghost closely misses you.
You hit Herrn's ghost but do no damage. Herrn's ghost closely misses you.
You hit Herrn's ghost but do no damage.
Herrn's ghost hits you but does no damage.
You hit Herrn's ghost but do no damage. Herrn's ghost misses you.
You hit Herrn's ghost but do no damage. Herrn's ghost hits you!!
You hit Herrn's ghost but do no damage. Herrn's ghost closely misses you.
You completely miss Herrn's ghost. Herrn's ghost hits you!
You closely miss Herrn's ghost. Herrn's ghost hits you!
You die...

#.# ##.#.###..# #.#
##..#.#.># #.# #######
##.##.#.# #.# #.....#
#..##..########### #.#
#.....# #.................
#.# #.....#
######..########## #.#
#.....# #....(....# #.#
#....(####.####.##.# ..#
#.........s...#(##.#
#<#####.....####W####.##.#
......).....# #.# #.##.#
#.#####.....# #.# #.##.#
..# #.....# #.####.##.#
### #.##### #.......#.#
#.#############..#.#
#......(((.......#.#
###############..#.#


You could see Herrn's ghost.

Vanquished Creatures
  Grinder (D:3)
  Sigmund (D:3)
  Terence (D:2)
  3 adders
  A giant mite (D:3)
  A worm (D:3)
  A giant gecko (D:2)
  6 orcs (D:3)
  3 giant cockroaches
  11 hobgoblins
  8 jackals
  9 bats
  4 giant newts
  7 goblins
  6 kobolds
  2 rats (D:1)
65 creatures vanquished.

Notes
Turn   | Place    | Note
--------------------------------------------------------------
     0 | D:1      | Kemay, the Merfolk Transmuter, began the quest for the Orb.
     0 | D:1      | Reached XP level 1. HP: 15/15 MP: 3/3
   556 | D:1      | Reached XP level 2. HP: 21/21 MP: 2/4
   758 | D:2      | Reached skill level 4 in Transmutations
   840 | D:2      | Noticed Terence
   847 | D:2      | Killed Terence
   847 | D:2      | Reached XP level 3. HP: 24/26 MP: 4/6
   855 | D:2      | Learned a level 3 spell: Spider Form
  1159 | D:2      | Reached skill level 1 in Poison Magic
  1541 | D:3      | Noticed Herrn's ghost (average GrFi)
  1631 | D:3      | Reached XP level 4. HP: 28/32 MP: 7/7
  1649 | D:3      | Reached skill level 5 in Transmutations
  1915 | D:3      | Found a stormy altar of Qazlal.
  2051 | D:3      | Noticed Sigmund
  2217 | D:3      | Noticed Grinder
  2493 | D:3      | Killed Grinder
  2493 | D:3      | Reached skill level 8 in Transmutations
  2493 | D:3      | Reached XP level 5. HP: 19/37 MP: 2/9
  2493 | D:3      | Reached XP level 6. HP: 22/43 MP: 2/10
  3356 | D:3      | Killed Sigmund
  3503 | D:3      | Gained mutation: Potions and wands are less effective at restoring your health. [potion of mutation]
  3503 | D:3      | Gained mutation: You possess an exceptional clarity of mind. [potion of mutation]
  3503 | D:3      | Gained mutation: Your flesh is heat resistant. [potion of mutation]
  3512 | D:3      | Slain by Herrn's ghost

Action                   |  1- 3 |  4- 6 || total
-------------------------+-------+-------++-------
Melee: Unarmed           |   122 |   166 ||   288
 Cast: Beastly Appendage |    12 |     4 ||    16
       Spider Form       |       |     6 ||     6
 Abil: End Transformatio |     1 |       ||     1
Evoke: Wand              |       |     1 ||     1
  Use: Scroll            |     5 |     2 ||     7
       Potion            |       |     4 ||     4
 Stab: Sleeping          |     1 |     1 ||     2
  Eat: Chunk             |     3 |     7 ||    10
